 Seeded DCSS version 0.28-a0-1510-gd0f6b136d3 (webtiles) character file.

Game seed: 20220115 (custom seed)

7 murtidash the Caller (level 1, -1/7 HPs)
             Began as a Felid Summoner on Jan 15, 2022.
             Slain by a hobgoblin (5 damage)
             ... on level 1 of the Dungeon.
             The game lasted 00:00:44 (412 turns).

murtidash the Caller (Felid Summoner)                Turns: 412, Time: 00:00:45

Health: -1/7       AC:  1    Str:  4    XL:     1   Next: 91%
Magic:  2/4        EV: 17    Int: 16    God:
Gold:   17         SH:  0    Dex: 16    Spells: 3/4 levels left
                                        Lives:  0   Deaths: 0

rFire   . . .      SeeInvis +   (weapon unavailable)
rCold   . . .      Faith    .   (shield unavailable)
rNeg    . . .      Spirit   .   (armour unavailable)
rPois   .          Reflect  .   (helmet unavailable)
rElec   .          Harm     .   (cloak unavailable)
rCorr   .          Rampage  .   (gloves unavailable)
Will    .....                   (boots unavailable)
Stlth   ++........              (no amulet)
HPRegen 0.02/turn               (no ring)
MPRegen 0.09/turn               (no ring)

@: quick
A: very small, claws 1, fangs 3, see invisible, speed 1, shaggy fur 1, stealthy
paws, no weapons or thrown items, no armour, multi-lived
a: no special abilities


You were on level 1 of the Dungeon.
You visited 1 branch of the dungeon, and saw 1 of its levels.

You collected 17 gold pieces.

Inventory:

Scrolls
 a - a scroll of vulnerability {unknown}


   Skills:
 - Level 2.6 Dodging
 - Level 2.6 Stealth
 + Level 2.3 Spellcasting
 + Level 4.2 Summonings


You had 3 spell levels left.
You knew the following spells:

 Your Spells              Type           Power      Damage    Failure   Level
Z - Summon Small Mammal   Summ           60%        N/A       3%          1

Your spell library contained the following spells:

 Spells                   Type           Power      Damage    Failure   Level
 Call Imp                 Summ           15%        N/A       5%          2
 Call Canine Familiar     Summ           15%        N/A       11%         3
 Summon Guardian Golem    Hex/Summ       8%         N/A       26%         3
 Summon Lightning Spire   Summ/Air       8%         N/A       63%         4


Dungeon Overview and Level Annotations

Branches:
Dungeon (1/15)

Altars:


Innate Abilities, Weirdness & Mutations

You have sharp claws.
You have razor-sharp teeth.
You have supernaturally acute eyesight. (SInv)
You cover ground quickly. (Speed+)
You are covered in fur. (AC +1)
Your paws help you pounce on unaware monsters.
You are incapable of wielding weapons or throwing items.
You cannot wear armour.
You gain extra lives every three experience levels.


Message History

Something hits your bat.
Your bat dies!
Your bat's corpse disappears in a puff of smoke!
Your quokka barely misses the kobold.
The kobold hits your quokka with a +0 dagger.
Your quokka bites the kobold.
The kobold dies!
Your quokka bites the goblin.
The goblin completely misses your quokka.
Your quokka barely misses the goblin.
The goblin misses your quokka.
Your quokka bites the goblin.
The goblin dies!
A jackal comes into view.
A jackal is nearby!
The jackal misses your quokka. The jackal barely misses your quokka.
The jackal bites your quokka.
Your quokka dies!
Your quokka's corpse disappears in a puff of smoke!
The jackal misses your bat.
You now have 2/4 mp.
Your bat hits the jackal but does no damage. x2
The jackal bites your bat. The jackal closely misses your rat.
The jackal bites your rat.
Your rat dies!
Your rat's corpse disappears in a puff of smoke!
You now have 1/4 mp.
Your bat hits the jackal. You completely miss the jackal.
Your bat closely misses the jackal.
The jackal barely misses you.
Your bat closely misses the jackal.
You barely miss the jackal.
Your bat closely misses the jackal.
The jackal completely misses you. x2
You scratch the jackal.
You kill the jackal!
Items here: )) ††.
MP restored: 4 Your bat disappears in a puff of smoke!
A jackal comes into view.
A jackal is nearby!
A jackal comes into view.
You now have 3/4 mp.
You now have 2/4 mp.
Your rat bites the jackal.
The jackal barely misses your rat. The jackal misses your rat.
Your rat misses the jackal. The jackal closely misses your rat.
The jackal barely misses your rat.
Your rat closely misses the jackal.
The jackal bites your rat.
You scratch the jackal. You bite the jackal.
Your quokka bites the jackal but does no damage.
Your rat barely misses the jackal.
The jackal completely misses you.
Your quokka barely misses the jackal.
You closely miss the jackal. The jackal closely misses you.
Your rat barely misses the jackal.
The jackal bites your rat.
Your quokka bites the jackal.
The jackal dies!
The jackal completely misses you.
Your rat bites the jackal.
You see here a jackal corpse.
You scratch the jackal. The jackal closely misses you.
Your rat bites the jackal.
The jackal barely misses your rat.
You scratch the jackal.
You kill the jackal!
No target in view!
Your quokka disappears in a puff of smoke!
Your rat disappears in a puff of smoke!
You now have 17 gold pieces.
A hobgoblin comes into view.
MP restored: 4 You now have 3/4 mp.
You now have 2/4 mp.
Your bat hits the hobgoblin.
The hobgoblin shouts!
You hear an angry hiss.
Found a stone staircase leading down.
You hear an angry hiss.
Your bat closely misses the hobgoblin.
A dart slug comes into view.
Your bat closely misses the hobgoblin.
The hobgoblin hits your bat.
Your bat dies!
Your bat's corpse disappears in a puff of smoke!
A ball python comes into view.
The ball python hisses angrily.
The hobgoblin misses you.
You see here 15 gold pieces.
You scratch the hobgoblin but do no damage.
The hobgoblin misses you. The ball python barely misses you.
The ball python grabs you. The ball python constricts you.
The hobgoblin hits you.
You take 1 damage, and have 6/7 hp.
You now have 1/4 mp.
You barely miss the ball python. Your bat misses the hobgoblin.
The ball python bites you. The ball python constricts you.
The hobgoblin misses you.
Your quokka barely misses the hobgoblin.
You take 2 damage, and have 4/7 hp.
MASSIVE DAMAGE!!
You are too injured to fight recklessly!
You escape the ball python's grasp.
Your bat barely misses the hobgoblin.
Your quokka bites the hobgoblin.
The ball python completely misses your quokka.
The ball python barely misses your quokka.
The dart slug barely misses you.
Your quokka bites the hobgoblin.
The hobgoblin hits you.
Ouch! That really hurt!
You die...

#.......
##......#
..>....#
#......#
####......###
....b.......
#.S...#
#rg@w.#
#.....#
#.....#
#.....#
#.....#
###.####### #
#.........# .
#..(......#
#.#.........#


You could see a dart slug, a hobgoblin (ally target), a ball python, a friendly
quokka (summoned) and a friendly bat (summoned).

Vanquished Creatures
  2 jackals (D:1)
2 creatures vanquished.

Vanquished Creatures (collateral kills)
  An endoplasm (D:1)
  A goblin (D:1)
  A jackal (D:1)
  A kobold (D:1)
4 creatures vanquished.

Grand Total: 6 creatures vanquished

Notes
Turn   | Place    | Note
-------+----------+-------------------------------------------
     0 | D:1      | murtidash the Felid Summoner began the quest for the Orb.
     0 | D:1      | Reached XP level 1. HP: 7/7 MP: 4/4
   412 | D:1      | Slain by a hobgoblin

Illustrated notes

Levels and vault maps discovered:
D:1:      saegor_arrival_fortress, layout_basic, shapermc_ecumenical_altar_petra

Action                   || total
-------------------------++-------
Melee: Unarmed           ||     9
       Bite              ||     1
 Cast: Summon Small Mamm ||    11
Dodge: Dodged            ||    15

Table legend: (Time is in decaauts)
 A = Elapsed time spent in this place.
 B = Non-inter-level travel time spent in this place.
 C = Inter-level travel time spent in this place.
 D = Time resting spent in this place.
 E = Time spent auto-exploring this place.
 F = Levels seen in this place.
 G = Mean time per level.
                   A        B        C        D        E       F      G
               +--------+--------+--------+--------+--------+-----+--------+
         Total |    384 |    384 |      0 |      0 |    314 |   1 |  384.0 |
       Dungeon |    384 |    384 |      0 |      0 |    314 |   1 |  384.0 |
               +--------+--------+--------+--------+--------+-----+--------+

Top non-repeatable levels by time:
     D:1: 384 daAuts

Table legend:
 A = Kills in this place as a percentage of kills in entire the game.
 B = Kills by you in this place as a percentage of kills by you in the entire game.
 C = Kills by friends in this place as a percentage of kills by friends in the entire game.
 D = Other kills in this place as a percentage of other kills in the entire game.
 E = Experience gained in this place as a percentage of experience gained in the entire game.
 F = Experience gained in this place divided by the number of levels of this place that you have seen.
                   A       B       C       D       E      F
               +-------+-------+-------+-------+-------+----------------------
         Total | 100.0 | 100.0 | 100.0 |   N/A | 100.0 |  11.0
       Dungeon | 100.0 | 100.0 | 100.0 |   N/A | 100.0 |  11.0
               +-------+-------+-------+-------+-------+----------------------
